 Dungeon Crawl Stone Soup version 0.31-a0-875-g02e7d12df6 (webtiles) character file.

Game seed: 12394203721675050621

510 kae the Vexing (level 6, -3/46 HPs)
             Began as a Demonspawn Enchanter on Oct 12, 2023.
             Was an Initiate of Dithmenos.
             Slain by an orc priest
             ... wielding a +1 mace of protection
              (6 damage)
             ... on level 4 of the Dungeon.
             The game lasted 00:05:43 (4149 turns).

kae the Vexing (Demonspawn Enchanter)               Turns: 4149, Time: 00:05:43

Health: -3/46      AC:  7    Str:  8    XL:     6   Next: 98%
Magic:  5/10       EV: 14    Int: 19    God:    Dithmenos [......]
Gold:   173        SH:  0    Dex: 13    Spells: 2/10 levels left

rFire   + . .        a - +1 dagger (spect)
rCold   + . .        (no shield)
rNeg    . . .        b - +1 robe
rPois   .            (no helmet)
rElec   .            l - scarf {rC+ rF+}
rCorr   .            (no gloves)
SInv    .            (no boots)
Will    +....        A - amulet of the acrobat
Stlth   ++           O - +4 ring of protection
HPRegen 0.27/turn    j - ring of willpower
MPRegen 0.12/turn

%: acrobat
@: no status effects
A: repulsion field 1, demonic guardian 1
a: Renounce Religion


You were on level 4 of the Dungeon.
You worshipped Dithmenos.
Dithmenos was noncommittal.
You visited 2 branches of the dungeon, and saw 6 of its levels.

You collected 173 gold pieces.


Innate Abilities, Weirdness & Mutations

You are surrounded by a mild repulsion field. (EV +2)
A weak demonic guardian rushes to your aid.


   Skills:
 + Level 2.6 Fighting
 * Level 3.5 Short Blades
 - Level 1.8 Dodging
 + Level 3.7 Stealth
 + Level 2.9 Spellcasting
 * Level 4.8 Hexes
 - Level 1.0 Ice Magic


You had 2 spell levels left.
You knew the following spells:

 Your Spells              Type           Power      Damage    Failure   Level
a - Ensorcelled Hibernat  Hex/Ice        26%        N/A       7%          2
b - Confusing Touch       Hex            21%        N/A       6%          3
c - Tukima's Dance        Hex            21%        N/A       6%          3

Your spell library contained the following spells:

 Spells                   Type           Power      Damage    Failure   Level
 Poisonous Vapours        Pois/Air       4%         N/A       24%         2
 Dazzling Flash           Conj/Hex       22%        N/A       17%         3
 Mephitic Cloud           Conj/Pois/Air  2%         N/A       43%         3
 Freezing Cloud           Conj/Ice/Air   2%         6-21      98%         5

Inventory:

Hand Weapons
 a - a +1 spectral dagger (weapon)
Missiles
 d - 10 poisoned darts
 g - 30 stones
Armour
 b - a +1 robe (worn)
 l - a scarf of resistance (worn)
   (You found it on level 2 of the Dungeon)
Magical Staves
 p - a staff of poison {!a}
   (You found it on level 5 of the Dungeon)
Jewellery
 j - a ring of willpower (right hand)
   (You found it on level 1 of the Dungeon)
 A - an amulet of the acrobat (around neck)
   (You found it on level 2 of the Dungeon)
 L - a ring of flight
   (You found it on level 1 of the Dungeon)
 O - a +4 ring of protection (left hand)
   (You took it off a goblin on level 3 of the Dungeon)
Scrolls
 e - a scroll of enchant armour
 i - a scroll of torment {!r}
 k - 2 scrolls of teleportation {@r4}
 m - a scroll of summoning
 q - 2 scrolls of blinking {!r}
Potions
 c - 4 potions of invisibility
 f - a potion of might
 h - a potion of resistance
 n - a potion of mutation {!q}

Dungeon Overview and Level Annotations

Branches:
Dungeon (5/15) Zot: 25866  Temple (1/1) D:4 Zot: 5957

Altars:
Ashenzari
Dithmenos
Gozag
Makhleb
Nemelex Xobeh
Okawaru
Ru
Trog
Uskayaw
Vehumet
Xom

Annotations:
D:5 exclusion: two-headed ogre

'#.# #.# #.#
.#.# #.# #.#
.#.# #.# #.#
.#.# #.#
##.## .'.#
#.# ##...##
.#.# ####.#
##.....##
.### ##.##.#
##.......##
.# #)....#
#.........#
'# ##.####
#@........#
.# #.#
#.o.......#
.## ##.##
##.......##
..#####...##
##.....##
.........<.#
##...##
..#####....#
##.## .##
##.#.# #.#
.# #.#.##
#.# .#
#.)..# #.#


You could see an orc priest.


Message History

The hound bites you but does no damage. The hound misses you. 😎 MP[-2]
You lost 2 mp, and now have 8/10 mp.
Casting: Ensorcelled Hibernation (safe; 7% risk of failure)
Confirm with . or Enter, or press ? or * to list all spells.
Aiming: Ensorcelled Hibernation (safe; 7% risk of failure)
Press: ? - help, Shift-Dir - straight line, f/p - hound
Aim: a hound (lightly wounded, chance to affect: 55%)
The hound looks drowsy...
The helpless hound fails to defend itself.
You puncture the hound!
Your +1 spectral dagger closely misses the hound.
The hound closely misses you.
You hit the hound.
You kill the hound!
Dithmenos accepts your kill.
Your +1 spectral dagger disappears. 😎 MP[-2]
You lost 2 mp, and now have 6/10 mp.
Your magical contamination has completely faded away.
Found a stone staircase leading up. 😎 MP[+4]
Your mp is fully restored (10).
An orc is nearby!
An orc is nearby!
An orc is nearby!
The orc shouts!
The orc priest shouts!
The orc hits you with a +0 trident. 😕 HP[-4]
You take 4 damage, and now have 42/46 hp.
Casting: Ensorcelled Hibernation (safe; 7% risk of failure)
Confirm with . or Enter, or press ? or * to list all spells.
Aiming: Ensorcelled Hibernation (safe; 7% risk of failure)
Press: ? - help, Shift-Dir - straight line, f - orc
Aim: an orc, wielding a +0 trident, wearing a +0 ring mail and quivering stones (chance to affect: 64%)
The orc struggles to resist.
The orc closely misses you.
You hit the orc priest but do no damage.
The orc priest mumbles some strange prayers to Beogh against you.
You resist with some effort. The orc hits you with a +0 trident.
You barely miss the orc priest. The orc priest closely misses you.
The orc barely misses you. 😕 HP[-4] MP[-2]
You take 4 damage, and now have 38/46 hp.
You lost 2 mp, and now have 8/10 mp.
Casting: Ensorcelled Hibernation (safe; 7% risk of failure)
Confirm with . or Enter, or press ? or * to list all spells.
Aiming: Ensorcelled Hibernation (safe; 7% risk of failure)
Press: ? - help, Shift-Dir - straight line, f/p - orc
Aim: an orc, wielding a +0 trident, wearing a +0 ring mail and quivering stones (chance to affect: 64%)
The orc struggles to resist.
The orc priest casts a cantrip, but nothing happens.
The orc closely misses you. 😕 MP[-2]
You lost 2 mp, and now have 6/10 mp.
You barely miss the orc priest.
The orc priest hits you with a +1 mace of protection.
You hit the orc priest but do no damage.
The orc barely misses you.
A centaur comes into view. 😕 HP[-1]
You take 1 damage, and now have 37/46 hp.
You hit the orc priest.
The orc priest hits you with a +1 mace of protection!
The orc misses you. 😮 HP[-7]
You take 7 damage, and now have 30/46 hp.
The orc priest calls down the wrath of Beogh upon you.
Beogh smites you!
* * * LOW HITPOINT WARNING * * *
The orc completely misses you. 😨 HP[-7]
You take 7 damage, and now have 23/46 hp.
The orc hits you from afar with a +0 trident.
* * * LOW HITPOINT WARNING * * *
A demonic guardian appears! 😨 HP[-6] MP[+1]
You take 6 damage, and now have 17/46 hp.
The orc priest invokes the aid of Beogh against you.
Beogh smites you!
* * * LOW HITPOINT WARNING * * *
The orc completely misses you.
There is a stone staircase leading up here. 😱 HP[-7]
You take 7 damage, and now have 10/46 hp.
The orc priest hits you with a +1 mace of protection!
* * * LOW HITPOINT WARNING * * *
The orc completely misses you.
Your shadow imp closely misses the orc priest.
You climb upwards.
Your summoned ally is left behind.
There is a stone staircase leading down here. 😱 HP[-7]
You take 7 damage, and now have 3/46 hp.
Casting: Ensorcelled Hibernation (safe; 7% risk of failure)
Confirm with . or Enter, or press ? or * to list all spells.
Aiming: Ensorcelled Hibernation (safe; 7% risk of failure)
Press: ? - help, Shift-Dir - straight line, f - orc priest
Aim: an orc priest, wielding a +1 mace of protection and wearing a +0 leather armour (lightly wounded, chance to affect: 47%)
The orc priest resists with some effort.
The orc priest hits you with a +1 mace of protection.
You die...

Skill      XL: |  1  2  3  4  5  6 |
---------------+-------------------+-----
Short Blades   | 1 2 3 |  3.5
Fighting       | 1 2 |  2.6
Stealth        | 3 |  3.7
Hexes          | 4 |  4.8
Ice Magic      | 1 |  1.0
Dodging        | |  1.8
Spellcasting   | |  2.9

Action                     |  1- 3 |  4- 6 || total
---------------------------+-------+-------++-------
  Melee: Dagger            |   135 |   248 ||   383
         Punch             |       |     1 ||     1
   Cast: Ensorcelled Hiber |       |    20 ||    20
         Confusing Touch   |       |     2 ||     2
    Use: Scroll            |     3 |    10 ||    13
         Potion            |       |     1 ||     1
   Stab: Sleeping          |     4 |    10 ||    14
         Distracted        |       |     2 ||     2
         Confused          |       |     2 ||     2
 Armour: Robe              |    66 |   113 ||   179
  Dodge: Dodged            |   121 |   144 ||   265

Levels and vault maps discovered:
D:1:      tarquinn_simple_flora_water_a, layout_loops_cross,
          palyth_stone_intersect, serial_bayou_lake_a
D:2:      layout_basic
D:3:      layout_basic, ashenzari_conservatory_becter, hex_medium
D:4:      layout_loops_ring, mainiacjoe_overflow_six_doors_small,
          minmay_temple_entry_sparse_star
D:5:      wander_river, layout_loops_ring, mainiacjoe_overflow_alcove_3,
          minivault_27
Temple:   hellmonk_temple_of_storms

Notes
Turn   | Place    | Note
-------+----------+-------------------------------------------
     0 | D:1      | kae the Demonspawn Enchanter began the quest for the Orb.
     0 | D:1      | Reached XP level 1. HP: 13/13 MP: 3/3
     0 | D:1      | magus.rc [v1.11.3]
    70 | D:1      | Reached skill level 1 in Short Blades
   420 | D:1      | Gained mutation: You are surrounded by a mild repulsion
                  | field. (EV +2) [demonic ancestry]
   420 | D:1      | Reached XP level 2. HP: 20/20 MP: 5/5
   423 | D:1      | Learned a level 2 spell: Ensorcelled Hibernation
   912 | D:2      | Gained mutation: A weak demonic guardian rushes to your
                  | aid. [demonic ancestry]
   912 | D:2      | Reached XP level 3. HP: 23/25 MP: 6/6
   916 | D:2      | Learned a level 3 spell: Confusing Touch
  1214 | D:2      | Reached skill level 2 in Short Blades
  1293 | D:2      | Reached skill level 1 in Fighting
  1293 | D:2      | Reached skill level 3 in Stealth
  1307 | D:2      | You pick up a book of Vapours and begin reading...
  1307 | D:2      | You add the spells Poisonous Vapours, Mephitic Cloud and
                  | Freezing Cloud to your library.
  1435 | D:2      | Reached XP level 4. HP: 20/32 MP: 7/7
  1671 | D:3      | Noticed an ogre
  1928 | D:3      | Killed an ogre
  1929 | D:3      | Reached skill level 4 in Hexes
  1929 | D:3      | Reached skill level 1 in Ice Magic
  1929 | D:3      | Reached XP level 5. HP: 35/38 MP: 8/8
  2463 | D:3      | Found a broken altar of Ashenzari.
  2507 | D:3      | Learned a level 3 spell: Tukima's Dance
  2529 | D:3      | Reached skill level 2 in Fighting
  2822 | D:4      | Found a staircase to the Ecumenical Temple.
  2832 | Temple   | Entered the Ecumenical Temple
  2853 | Temple   | Became a worshipper of Dithmenos the Shadowed
  3018 | D:5      | Entered Level 5 of the Dungeon
  3064 | D:5      | Reached XP level 6. HP: 18/44 MP: 2/9
  3138 | D:5      | Reached skill level 3 in Short Blades
  3366 | D:4      | Found a bloodstained altar of Trog.
  4087 | D:5      | Noticed a two-headed ogre
  4146 | D:5      | HP: 10/46 [orc priest/divine providence (7)]
  4147 | D:5      | HP: 3/46 [orc priest/+1 mace of protection (8)]
  4149 | D:4      | Slain by an orc priest

Vanquished Creatures
  2 ogres
  A hound (D:5)
  An orc priest (D:4)
  A sleepcap (D:5)
  4 orc wizards
  6 adders
  2 dart slugs
  15 orcs
  4 ball pythons
  6 bats
  8 endoplasms
  3 giant cockroaches
  5 goblins
  7 hobgoblins
  2 jackals (D:2)
  2 kobolds (D:4)
  3 quokkas
  3 frilled lizards
  6 rats
81 creatures vanquished.

Vanquished Creatures (collateral kills)
  A dart slug (D:3)
  A ball python (D:3)
  2 endoplasms (D:2)
  2 jackals (D:2)
6 creatures vanquished.

Vanquished Creatures (others)
  An orc (D:5)
1 creature vanquished.

Grand Total: 88 creatures vanquished

Table legend:
 A = Non-vault XP
 B = Vault XP
 C = Vault XP percentage of total XP
 D = Non-vault monster count
 E = Vault monster count
 F = Vault count percentage of total count
                 A         B        C        D         E       F
            +---------+---------+-------+---------+---------+-------
      Total |     729 |       0 |   0.0 |      87 |       0 |   0.0
            +---------+---------+-------+---------+---------+-------
        D:1 |      23 |       0 |   0.0 |      12 |       0 |   0.0
        D:2 |     124 |       0 |   0.0 |      23 |       0 |   0.0
        D:3 |     180 |       0 |   0.0 |      24 |       0 |   0.0
        D:4 |      90 |       0 |   0.0 |      18 |       0 |   0.0
        D:5 |     312 |       0 |   0.0 |      10 |       0 |   0.0
            +---------+---------+-------+---------+---------+-------

Skill      XL: |  1  2  3  4  5  6 |
---------------+-------------------+-----
Short Blades   | 1 2 3 |  3.5
Fighting       | 1 2 |  2.6
Stealth        | 3 |  3.7
Hexes          | 4 |  4.8
Ice Magic      | 1 |  1.0
Dodging        | |  1.8
Spellcasting   | |  2.9

Action                     |  1- 3 |  4- 6 || total
---------------------------+-------+-------++-------
  Melee: Dagger            |   135 |   248 ||   383
         Punch             |       |     1 ||     1
   Cast: Ensorcelled Hiber |       |    20 ||    20
         Confusing Touch   |       |     2 ||     2
    Use: Scroll            |     3 |    10 ||    13
         Potion            |       |     1 ||     1
   Stab: Sleeping          |     4 |    10 ||    14
         Distracted        |       |     2 ||     2
         Confused          |       |     2 ||     2
 Armour: Robe              |    66 |   113 ||   179
  Dodge: Dodged            |   121 |   144 ||   265

Illustrated notes

Table legend:
 A = Kills in this place as a percentage of kills in the entire game.
 B = Kills by you in this place as a percentage of kills by you in the entire game.
 C = Kills by friends in this place as a percentage of kills by friends in the entire game.
 D = Other kills in this place as a percentage of other kills in the entire game.
 E = Experience gained in this place as a percentage of experience gained in the entire game.
 F = Experience gained in this place divided by the number of levels of this place that you have seen.
                   A       B       C       D       E      F
               +-------+-------+-------+-------+-------+----------------------
         Total | 100.0 | 100.0 | 100.0 |   N/A | 100.0 | 121.5
       Dungeon | 100.0 | 100.0 | 100.0 |   N/A | 100.0 | 145.8
               +-------+-------+-------+-------+-------+----------------------

Table legend: (Time is in decaauts)
 A = Elapsed time spent in this place.
 B = Non-inter-level travel time spent in this place.
 C = Inter-level travel time spent in this place.
 D = Time resting spent in this place.
 E = Time spent auto-exploring this place.
 F = Levels seen in this place.
 G = Mean time per level.
                   A        B        C        D        E       F      G
               +--------+--------+--------+--------+--------+-----+--------+
         Total |   4144 |   3975 |    169 |    647 |   2417 |   6 |  690.7 |
       Dungeon |   4101 |   3973 |    128 |    647 |   2417 |   5 |  820.2 |
        Temple |     42 |      1 |     41 |      0 |      0 |   1 |   42.0 |
               +--------+--------+--------+--------+--------+-----+--------+

Top non-repeatable levels by time:
     D:2: 909 daAuts
     D:1: 850 daAuts
     D:3: 803 daAuts
     D:4: 797 daAuts
     D:5: 741 daAuts
  Temple: 42 daAuts
